 Dungeon Crawl Stone Soup version 0.30.0-29-ga12c61a403 (webtiles) character file.

Game seed: 13847575153345725413

7 DemonSlayer the Digger (level 1, 0/13 HPs)
             Began as a Demonspawn Earth Elementalist on June 25, 2023.
             Slain by a goblin
             ... wielding a +0 club
              (3 damage)
             ... on level 1 of the Dungeon.
             The game lasted 00:00:59 (70 turns).

DemonSlayer the Digger (DsEE)                         Turns: 70, Time: 00:01:00

Health: 0/13       AC:  2    Str:  8    XL:     1   Next: 83%
Magic:  1/3        EV: 12    Int: 16    God:
Gold:   6          SH:  0    Dex: 13    Spells: 3/4 levels left

rFire   . . .        (no weapon)
rCold   . . .        (no shield)
rNeg    . . .        a - +0 robe
rPois   .            (no helmet)
rElec   .            (no cloak)
rCorr   .            (no gloves)
SInv    .            (no boots)
Will    .....        (no amulet)
Stlth   ++           (no ring)
HPRegen 0.22/turn    (no ring)
MPRegen 0.08/turn

%: no passive effects
@: no status effects
A: no striking features
a: no special abilities


You were on level 1 of the Dungeon.
You visited 1 branch of the dungeon, and saw 1 of its levels.

You collected 6 gold pieces.

Inventory:

Armour
 a - a +0 robe (worn)


   Skills:
 + Level 1.8 Dodging
 + Level 1.9 Stealth
 + Level 2.1 Spellcasting
 + Level 0.8 Transmutations
 + Level 2.9 Earth Magic


You had 3 spell levels left.
You knew the following spells:

 Your Spells              Type           Power      Damage    Failure   Level
a - Sandblast             Erth           22%        2d7       6%          1

Your spell library contained the following spells:

 Spells                   Type           Power      Damage    Failure   Level
 Passwall                 Tmut/Erth      5%         N/A       14%         2
 Stone Arrow              Conj/Erth      12%        3d7       32%         3
 Petrify                  Tmut/Erth      7%         N/A       67%         4


Dungeon Overview and Level Annotations

Branches:
Dungeon (1/15)

Altars:


Message History

The jackal is severely wounded.
The jackal barely misses you. The jackal bites you.
The jackal barely misses you. The jackal misses you.
You are too injured to fight recklessly!
Casting: Sandblast (safe; 6% risk of failure)
Confirm with . or Enter, or press ? or * to list all spells.
Aiming: Sandblast (safe; 6% risk of failure)
Press: ? - help, Shift-Dir - straight line, f/p - jackal
Aim: a jackal (severely wounded, 77% to hit)
The blast of sand hits the jackal.
You kill the jackal!
The jackal misses you. The jackal barely misses you.
Casting: Sandblast (safe; 6% risk of failure)
Confirm with . or Enter, or press ? or * to list all spells.
Aiming: Sandblast (safe; 6% risk of failure)
Press: ? - help, Shift-Dir - straight line, f - jackal
Aim: a jackal (77% to hit)
The blast of sand hits the jackal.
The jackal is severely wounded.
The jackal completely misses you. The dart slug barely misses you.
The jackal barely misses you. The goblin hits you with a +0 club.
The dart slug bites you.
Unknown command.
You hit the jackal.
You kill the jackal!
The goblin hits you but does no damage. The goblin attacks as you move away!
The goblin hits you but does no damage.
You see here a jackal corpse.
You see here a ball python corpse.
You aren't carrying any scrolls.
You aren't carrying any potions.
The goblin attacks as you move away! The goblin closely misses you.
The goblin attacks as you move away! The goblin hits you with a +0 club.
The goblin attacks as you move away! The goblin closely misses you.
The dart slug launches a dart at you. The slug dart hits you.
* * * LOW HITPOINT WARNING * * *
The goblin attacks as you move away! The goblin barely misses you.
The goblin hits you with a +0 club.
You die...

#. #. #...## #..
##.....## .##..
##.......# ......
........#
#....###.......#
##..#...##.....#
.......@.......##
##..####g.......#
#........#
##.......##
##....w†.#
######....##.#
#.#.8#..####†#
#..#'#....##†######
#<.#'..##...†.....#


You could see a dart slug and a goblin.

Vanquished Creatures
  4 jackals (D:1)
  A ball python (D:1)
  A bat (D:1)
6 creatures vanquished.

Notes
Turn   | Place    | Note
-------+----------+-------------------------------------------
     0 | D:1      | DemonSlayer the Demonspawn Earth Elementalist began the
                  | quest for the Orb.
     0 | D:1      | Reached XP level 1. HP: 13/13 MP: 3/3
    70 | D:1      | Slain by a goblin

Illustrated notes

Levels and vault maps discovered:
D:1:      saegor_arrival_simple_c, layout_rooms

Action                     || total
---------------------------++-------
  Melee: Unarmed           ||     2
   Cast: Sandblast         ||     7
    Use: Potion            ||     1
 Armour: Robe              ||     2
  Dodge: Dodged            ||    20
